 Dungeon Crawl Stone Soup version 0.13-a0-3016-gcb2faac (webtiles) character file.

150 PolkaDot the Sneak (level 4, 0/28 HPs)
             Began as a Vampire Wizard on Sept 13, 2013.
             Slain by a sheep (6 damage)
             ... on Level 3 of the Dungeon.
             The game lasted 00:05:29 (1992 turns).

PolkaDot the Sneak (Vampire Wizard)                 Turns: 1992, Time: 00:05:29

HP   0/28        AC  3     Str  6      XL: 4   Next: 21%
MP   6/12        EV 12     Int 21      God:
Gold 68          SH  0     Dex 12      Spells:  3 memorised,  2 levels left

Res.Fire  : . . .   See Invis. : +   t - +1,+3 dwarf hand axe
Res.Cold  : . . .   Warding    : .   a - +0 robe
Life Prot.: . . .   Conserve   : .   (no shield)
Res.Poison: .       Res.Corr.  : .   b - +0 wizard hat
Res.Elec. : .       Clarity    : .   (no cloak)
Sust.Abil.: . .     Spirit.Shd : .   q - +0 pair of gauntlets
Res.Mut.  : .       Stasis     : .   (no boots)
Res.Rott. : .       Flight     : .   (no amulet)
Saprovore : . . .                    (no ring)
                                     (no ring)

@: regenerating quickly, slightly resistant to hostile enchantments, stealthy
A: fangs 3, see invisible, unbreathing
a: no special abilities


You were on level 3 of the Dungeon.
You were full.

You visited 1 branch of the dungeon, and saw 3 of its levels.

You collected 48 gold pieces.

Inventory:

Hand weapons
 t - a +1,+3 dwarven hand axe (weapon)
Armour
 a - a +0 robe (worn)
 b - a +0 wizard hat (worn)
 q - a +0 pair of gauntlets (worn)
Magical devices
 u - a wand of polymorph (13)
Scrolls
 f - a scroll of recharging {unknown}
 g - a scroll of amnesia {unknown}
 i - 6 scrolls of remove curse {unknown}
 k - a scroll of random uselessness {unknown}
 l - a scroll of curse armour {unknown}
 m - a scroll of blinking {unknown}
 o - a scroll of teleportation {unknown}
 p - a scroll of magic mapping {unknown}
 s - a scroll of enchant armour {unknown}
Potions
 d - a potion of blood
 e - a potion of paralysis {unknown}
 h - 2 potions of curing {unknown}
 j - a potion of speed {unknown}
 n - a potion of slowing {unknown}
 r - a potion of restore abilities {unknown}
Books
 c - a book of Minor Magic

   Spells                             Type                      Level
   *Magic Dart                        Conjuration                  1
   Blink                              Translocation                2
   Call Imp                           Summoning                    2
   Repel Missiles                     Charms/Air                   2
   Slow                               Hexes                        2
   *Conjure Flame                     Conjuration/Fire             3
   *Mephitic Cloud                    Conjuration/Poison/Air       3


   Skills:
 - Level 2.1 Dodging
 - Level 3.0 Stealth
 - Level 3.0 Spellcasting
 * Level 3.0 Conjurations
   Level 1.0 Summonings
   Level 0.7 Translocations


You had 2 spell levels left.
You knew the following spells:

 Your Spells              Type           Power        Failure   Level  Hunger
a - Magic Dart            Conj           ###.         4%          1    None
d - Mephitic Cloud        Conj/Pois/Air  #.......     30%         3    ###....
s - Conjure Flame         Conj/Fire      #.......     24%         3    ###....


Dungeon Overview and Level Annotations

Branches:
Dungeon (3/27)

Altars:


Innate Abilities, Weirdness & Mutations

Your natural rate of healing is unusually fast.
You have razor-sharp teeth.*
You have supernaturally acute eyesight.
You can survive without breathing.*


Message History

The sheep is moderately wounded.
The sheep bites you!
Casting: Magic Dart
Confirm with . or Enter, or press ? or * to list all spells.
Aiming: Magic Dart
Press: ? - help, Shift-Dir - straight line, f/p - sheep
Aim: a sheep (moderately wounded)
The magic dart hits the sheep.
The sheep is heavily wounded.
The sheep bites you!
* * * LOW HITPOINT WARNING * * *
Casting: Magic Dart
Confirm with . or Enter, or press ? or * to list all spells.
Aiming: Magic Dart
Press: ? - help, Shift-Dir - straight line, f/p - sheep
Aim: a sheep (heavily wounded)
The magic dart hits the sheep.
The sheep is heavily wounded.
The sheep bites you.
You die...

.g. ....?..<. ...........
.............
..............# .
................# ....
.................. ##...
...?......Y........ ....
..........@........ .#..#
..................
.#..##+#.......<.........
.........................
##..##.#.................
.........................
.#..##.#.................
#...#<#....)............
#.....#.................


You could see a sheep and a goblin (sleeping).

Vanquished Creatures
  A gnoll (D:1)
  4 adders (D:2)
  A worm (D:2)
  4 bats
  4 giant cockroaches
  8 goblins
  4 hobgoblins
  2 kobolds (D:2)
  2 quokkas (D:2)
  A giant gecko (D:1)
  A giant newt (D:1)
  3 rats (D:1)
  A plant (D:1)
36 creatures vanquished.

Notes
Turn   | Place    | Note
--------------------------------------------------------------
     0 | D:1      | PolkaDot, the Vampire Wizard, began the quest for the Orb.
     0 | D:1      | Reached XP level 1. HP: 11/11 MP: 6/6
    75 | D:1      | Reached skill level 1 in Conjurations
   231 | D:1      | Reached XP level 2. HP: 15/17 MP: 5/8
   969 | D:2      | Reached XP level 3. HP: 22/22 MP: 8/10
   974 | D:2      | Learned a level 3 spell: Conjure Flame
   978 | D:2      | Learned a level 3 spell: Mephitic Cloud
  1330 | D:2      | Reached XP level 4. HP: 28/28 MP: 8/12
  1992 | D:3      | Slain by a sheep

Action                   |  1- 3 |  4- 6 || total
-------------------------+-------+-------++-------
Melee: Unarmed           |     4 |       ||     4
       Dagger            |   113 |       ||   113
       Hand axe          |       |     1 ||     1
 Cast: Magic Dart        |    69 |    33 ||   102
Evoke: Wand              |       |     2 ||     2
 Stab: Sleeping          |     1 |       ||     1
